 Dungeon Sprint DCSS version 0.30.0-19-g36f170ea60 (webtiles) character file.

Game seed: 1444724446096639205

34210 Groucho the Crack Shot (level 13, -1/77 HPs)
             Began as a Spriggan Hunter on May 26, 2023.
             Was the Champion of Qazlal.
             Slain by a fire giant
             ... wielding a +1 great sword of flaming
              (30 damage)
             ... in the Dungeon (Sprint VII: "The Pits").
             The game lasted 00:22:20 (8552 turns).

Groucho the Crack Shot (Spriggan Hunter)            Turns: 8552, Time: 00:22:20

Health: -1/77      AC: 13    Str: 10    XL:     13   Next: 41%
Magic:  13/27      EV: 38    Int: 11    God:    Qazlal [******]
Gold:   15         SH:  8    Dex: 23    Spells: 12/12 levels left

rFire   + . .        z - +0 arbalest
rCold   . . .        (shield currently unavailable)
rNeg    . . .        A - +4 acid dragon scales
rPois   .            (helmet restricted)
rElec   .            c - +1 cloak
rCorr   +            (gloves unavailable)
SInv    +            (boots unavailable)
Will    ++...        (no amulet)
Stlth   +            m - +3 ring of strength
HPRegen 0.32/turn    n - +3 ring of evasion
MPRegen 0.20/turn

%: no teleportation, repel missiles
@: protected from fire, very quick
A: very small, no large weapons, unfitting armour, see invisible, speed 3
a: Renounce Religion, Upheaval, Elemental Force, Disaster Area


You were in the Dungeon.
You worshipped Qazlal.
Qazlal was exalted by your worship.
You visited 1 branch You collected 15 gold pieces.

Inventory:

Hand Weapons
 z - a +0 arbalest (weapon)
Armour
 c - a +1 cloak (worn)
 A - +4 acid dragon scales (worn)
Jewellery
 m - a +3 ring of strength (left hand)
 n - a +3 ring of evasion (right hand)
 v - a ring of ice
 x - a ring of willpower
Wands
 y - a wand of light (12)
Scrolls
 b - a scroll of immolation
 i - 2 scrolls of blinking
 k - 5 scrolls of amnesia
 l - a scroll of summoning
 r - 5 scrolls of fog
 s - 3 scrolls of fear
 t - 2 scrolls of identify
 w - a scroll of silence
Potions
 d - 6 potions of curing
 e - 15 potions of heal wounds
 f - 2 potions of haste
 g - 4 potions of magic
 h - 5 potions of berserk rage
 j - 2 potions of invisibility
 o - a potion of might
 p - a potion of mutation
 q - 2 potions of brilliance


   Skills:
 + Level 13.3 Fighting
 * Level 21.6 Ranged Weapons
 + Level 6.1 Armour
 + Level 19.8 Dodging
 - Level 1.5 Stealth
 * Level 18.9 Invocations


You had 12 spell levels left.
You didn't know any spells.
Your spell library contained the following spells:

 Spells                   Type           Power      Damage    Failure   Level
 Magic Dart               Conj           0%         1d3       47%         1
 Searing Ray              Conj           0%         2d4       63%         2
 Fulminant Prism          Conj/Hex       0%         3d5       99%         4


Dungeon Overview and Level Annotations

Branches:
Dungeon (1/1)

Altars:
Ashenzari
Cheibriados
Dithmenos
Elyvilon
Fedhas
Gozag
Hepliaklqana
Kikubaaqudgha
Makhleb
Nemelex Xobeh
Okawaru
Qazlal
Ru
Sif Muna
Trog
Uskayaw
Vehumet
Wu Jian
Xom
Yredelemnul
Zin
The Shining One
Jiyva
Lugonu


Innate Abilities, Weirdness & Mutations

You are very small and have problems with some larger weapons.
You are too small for most types of armour.
You have supernaturally acute eyesight. (SInv)
You cover ground extremely quickly. (Speed+++)


Message History

You are engulfed in flames!!
You feel protected from fire.
Unknown command.
Unknown command.
You feel much better.
The sun demon is engulfed in freezing vapours.
The sun demon hits you.
You are engulfed in flames.
You resist.
The red draconian is engulfed in blazing flames.
The red draconian barely misses you.
The sun demon is engulfed in freezing vapours.
The sun demon completely misses you.
Unknown command.
Unknown command.
The fire giant casts a spell at you.
The fireball explodes!
The fireball engulfs you! You resist.
There is a huge open gate to a Minivault (Hard) here.
The sun demon is engulfed in freezing vapours.
There is a huge open gate to a Minivault (Hard) here.
Aiming: Upheaval
Press: ? - help, Dir - move target That beam is likely to hit you.
Continue anyway?
A blizzard blasts the area with ice!
The blast of ice hits the sun demon!!
The sun demon is frozen!
You kill the sun demon!
Qazlal accepts your kill.
The blast of ice hits the red draconian!!!
You kill the red draconian!
Qazlal accepts your kill.
The fire giant hits you with a +1 great sword of flaming!!
* * * LOW HITPOINT WARNING * * *
The fire giant burns you.
* * * LOW HITPOINT WARNING * * *
Your Armour skill increases to level 6!
Unknown command.
Unknown command.
Unknown command.
Unknown command.
You feel much better.
The fire giant hits you with a +1 great sword of flaming!!
You die...

+..........#
#..........#
#..#....#..#
+..........#
+..........#
#..#....#..#
#....○§....+
#.☼.○......+
###'@####''#
###C'####''##########
#...☼..##......).....
#.#°##)##..).))).)...
#.#.. .##..##########
# ').# ##.)#)))#)#.#.
.#.)+ #..#)#)#)#.#.
++########## .+:)#
#.)#)))#)#.#.
.......##..## ##+#
#..##.##)#.#.


You could see a fire giant.

Vanquished Creatures
  A deep elf blademaster (D)
  Polyphemus (D)
  2 orc warlords (D)
  A red draconian (D)
  An eidolon (D)
  A deep elf high priest (D)
  A blizzard demon (D)
  A yaktaur captain (D)
  A rakshasa (D)
  2 vault guards (D)
  An anaconda (D)
  A two-headed ogre (D)
  An orc high priest (D)
  3 naga warriors (D)
  A vampire mage (D)
  A sun demon (D)
  A fire crab (D)
  A sea snake (D)
  A flayed ghost (D)
  A deep troll (D)
  2 bog bodies (D)
  A phantasmal warrior (D)
  A swamp dragon (D)
  15 orc knights (D)
  2 cyclopes (D)
  A manticore (D)
  A black mamba (D)
  2 demonic crawlers (D)
  An eye of devastation (D)
  A cane toad (D)
  2 rime drakes (D)
  A freezing wraith (D)
  A kobold demonologist (D)
  An efreet (D)
  A red devil (D)
  3 ice devils (D)
  A tarantella (D)
  A wind drake (D)
  A flying skull (D)
  5 dream sheep (D)
  2 shadows (D)
  A wyvern (D)
  A vampire (D)
  A fire bat (D)
  3 yaks (D)
  3 wargs (D)
  An acid dragon (D)
  A water moccasin (D)
  An ice beast (D)
  A black bear (D)
  2 orc warriors (D)
  3 wolves (D)
  2 small abominations (D)
  A necrophage (D)
  A gnoll sergeant (D)
  A scorpion (D)
  13 wights (D)
  15 killer bees (D)
  2 orc priests (D)
  A quasit (D)
  3 orc wizards (D)
  An adder (D)
  4 gnolls (D)
  An ufetubus (D)
  An adder skeleton (D)
  7 orcs (D)
  4 endoplasms (D)
  A hobgoblin (D)
  3 jackals (D)
  2 kobolds (D)
  A ball python skeleton (D)
  2 frilled lizards (D)
154 creatures vanquished.

Notes
Turn   | Place    | Note
-------+----------+-------------------------------------------
     0 | D        | Groucho the Spriggan Hunter began the quest for the Orb.
     0 | D        | Reached XP level 1. HP: 10/10 MP: 2/2
   101 | D        | Reached XP level 2. HP: 15/15 MP: 3/3
   130 | D        | Found a bloodstained altar of Trog.
   130 | D        | Found a shimmering blue altar of Sif Muna.
   130 | D        | Found a viscous altar of Jiyva.
   130 | D        | Found a hazy altar of Hepliaklqana.
   130 | D        | Found an opulent altar of Gozag.
   131 | D        | Found a glowing golden altar of the Shining One.
   131 | D        | Found a glowing silver altar of Zin.
   131 | D        | Found a basalt altar of Yredelemnul.
   131 | D        | Found a shimmering altar of Xom.
   131 | D        | Found an ornate altar of the Wu Jian Council.
   131 | D        | Found a sacrificial altar of Ru.
   131 | D        | Found a stormy altar of Qazlal.
   131 | D        | Found an iron altar of Okawaru.
   131 | D        | Found a sparkling altar of Nemelex Xobeh.
   131 | D        | Found a burning altar of Makhleb.
   131 | D        | Found a blossoming altar of Fedhas.
   131 | D        | Found a white marble altar of Elyvilon.
   131 | D        | Found a shadowy altar of Dithmenos.
   131 | D        | Found a snail-covered altar of Cheibriados.
   132 | D        | Found a radiant altar of Vehumet.
   132 | D        | Found a corrupted altar of Lugonu.
   133 | D        | Found a hide-covered altar of Uskayaw.
   133 | D        | Found an ancient bone altar of Kikubaaqudgha.
   133 | D        | Found a broken altar of Ashenzari.
   139 | D        | Became a worshipper of Qazlal Stormbringer
   158 | D        | Reached skill level 5 in Ranged Weapons
   174 | D        | Reached * piety under Qazlal
   176 | D        | Reached skill level 1 in Invocations
   224 | D        | Reached ** piety under Qazlal
   227 | D        | Noticed a necrophage
   283 | D        | Killed a necrophage
   284 | D        | Reached skill level 6 in Ranged Weapons
   284 | D        | Reached skill level 5 in Dodging
   284 | D        | Reached XP level 3. HP: 20/20 MP: 1/6
   284 | D        | Reached XP level 4. HP: 24/24 MP: 1/7
   589 | D        | Noticed a water moccasin
   589 | D        | Noticed a gnoll sergeant
   628 | D        | Reached skill level 7 in Ranged Weapons
   655 | D        | Reached XP level 5. HP: 29/29 MP: 8/8
   655 | D        | Noticed a black bear
   660 | D        | Killed a black bear
   660 | D        | Reached *** piety under Qazlal
   661 | D        | Reached skill level 8 in Ranged Weapons
   738 | D        | Killed a water moccasin
   739 | D        | Reached skill level 5 in Fighting
   739 | D        | Reached skill level 9 in Ranged Weapons
   739 | D        | Reached skill level 5 in Invocations
   739 | D        | Reached XP level 6. HP: 6/35 MP: 9/11
   931 | D        | Noticed an ice beast
   971 | D        | Killed an ice beast
   972 | D        | Reached skill level 10 in Ranged Weapons
  1047 | D        | Reached **** piety under Qazlal
  1126 | D        | Reached XP level 7. HP: 31/40 MP: 12/12
  1134 | D        | Reached skill level 11 in Ranged Weapons
  1313 | D        | Reached ***** piety under Qazlal
  1320 | D        | Noticed a fire bat
  1324 | D        | Killed a fire bat
  1325 | D        | Reached skill level 10 in Dodging
  1690 | D        | Noticed a flying skull
  1692 | D        | Reached skill level 12 in Ranged Weapons
  1692 | D        | Reached XP level 8. HP: 45/45 MP: 10/14
  1692 | D        | Killed a flying skull
  2010 | D        | Noticed a cane toad
  2013 | D        | Killed a cane toad
  2014 | D        | Reached skill level 13 in Ranged Weapons
  2244 | D        | Noticed an efreet
  2244 | D        | Noticed a vampire mage
  2244 | D        | Noticed an ice devil
  2245 | D        | Killed an efreet
  2246 | D        | Reached XP level 9. HP: 51/51 MP: 12/16
  2247 | D        | Noticed a flayed ghost
  2249 | D        | Killed a vampire mage
  2250 | D        | Reached skill level 14 in Ranged Weapons
  2298 | D        | Killed an ice devil
  2572 | D        | Noticed a cyclops
  2572 | D        | Noticed a sea snake
  2572 | D        | Noticed a manticore
  2587 | D        | Killed a sea snake
  2588 | D        | Reached skill level 15 in Ranged Weapons
  2588 | D        | Reached skill level 10 in Invocations
  2596 | D        | Killed a cyclops
  2703 | D        | Killed a manticore
  2704 | D        | Reached XP level 10. HP: 44/58 MP: 18/18
  2958 | D        | Noticed a demonic crawler
  3053 | D        | Killed a demonic crawler
  3464 | D        | Noticed a bog body
  3467 | D        | Reached skill level 16 in Ranged Weapons
  3469 | D        | Killed a bog body
  3472 | D        | Reached skill level 10 in Fighting
  3472 | D        | Reached skill level 15 in Dodging
  3834 | D        | Noticed a black mamba
  3834 | D        | Noticed a demonic crawler
  3837 | D        | Killed a black mamba
  3837 | D        | Noticed a two-headed ogre
  3844 | D        | Killed a two-headed ogre
  3845 | D        | Killed a demonic crawler
  3846 | D        | Reached skill level 17 in Ranged Weapons
  4108 | D        | Noticed a rakshasa
  4108 | D        | Noticed an eye of devastation
  4110 | D        | Noticed a phantasmal warrior
  4112 | D        | Reached XP level 11. HP: 64/64 MP: 17/21
  4114 | D        | Killed a phantasmal warrior
  4116 | D        | Killed a rakshasa
  4426 | D        | Noticed a deep troll
  4427 | D        | Reached ****** piety under Qazlal
  4427 | D        | Noticed a bog body
  4428 | D        | Killed a deep troll
  4429 | D        | Reached skill level 18 in Ranged Weapons
  4429 | D        | Killed a bog body
  4435 | D        | Noticed an orc knight
  4483 | D        | Killed an orc knight
  4999 | D        | Noticed an orc high priest
  5003 | D        | Killed an orc high priest
  5004 | D        | Reached skill level 15 in Invocations
  5675 | D        | Noticed a flayed ghost
  5676 | D        | Noticed an anaconda
  5679 | D        | Killed an anaconda
  5679 | D        | Killed a flayed ghost
  5680 | D        | Reached skill level 19 in Ranged Weapons
  6138 | D        | Reached XP level 12. HP: 70/70 MP: 24/24
  6190 | D        | Reached skill level 1 in Armour
  6776 | D        | Noticed Polyphemus
  6816 | D        | Killed Polyphemus
  6817 | D        | Reached skill level 20 in Ranged Weapons
  6984 | D        | Noticed a naga warrior
  6989 | D        | Noticed an orc warlord
  6991 | D        | Killed a naga warrior
  7010 | D        | Killed an orc warlord
  7176 | D        | Noticed an orc warlord
  7179 | D        | Noticed a vault guard
  7217 | D        | Killed an orc warlord
  7257 | D        | Killed a vault guard
  7443 | D        | Noticed a naga warrior
  7452 | D        | Noticed a naga warrior
  7469 | D        | Killed a naga warrior
  7470 | D        | Reached XP level 13. HP: 55/76 MP: 26/26
  7728 | D        | Reached skill level 21 in Ranged Weapons
  7728 | D        | Reached skill level 5 in Armour
  7735 | D        | Noticed an eidolon
  7751 | D        | Killed an eidolon
  8543 | D        | Noticed a red draconian
  8543 | D        | Noticed a fire giant
  8543 | D        | Noticed a deep elf blademaster
  8544 | D        | Noticed a fire dragon
  8544 | D        | Noticed a blizzard demon
  8547 | D        | Killed a blizzard demon
  8547 | D        | Killed a deep elf blademaster
  8551 | D        | Killed a red draconian
  8552 | D        | Slain by a fire giant

Illustrated notes

Levels and vault maps discovered:
D:        pitsprint [storerooms_1, entrance_room_1, metal_vault_2, armoury_3,
          mini_pit_1, grid_room_1, main_hall_1, silver_pit, the_coven_3,
          the_vestibule_1, steel_vault_3, golden_pit, hallway_of_sentries,
          crystal_vault_3, iron_vault_2, final_vault]

Skill      XL: |  1  2  3  4  5  6  7  8  9 10 11 12 13 |
---------------+----------------------------------------+-----
Fighting       | 2 3 4 5 6 8 9 10 11 12 13 | 13.3
Dodging        | 3 5 6 8 9 10 12 14 15 17 19 | 19.8
Ranged Weapons | 6 7 9 10 12 13 15 17 19 20 21 | 21.6
Invocations    | 2 3 5 6 7 9 10 12 15 17 18 | 18.9
Armour         | 4 6 |  6.1
Stealth        | |  1.5

Action                     |  1- 3 |  4- 6 |  7- 9 | 10-12 | 13-15 || total
---------------------------+-------+-------+-------+-------+-------++-------
   Fire: Shortbow          |    39 |    94 |    73 |   110 |       ||   316
         Arbalest          |       |       |       |   204 |    27 ||   231
 Invoke: Upheaval          |     1 |       |    21 |    39 |    10 ||    71
         Disaster Area     |       |       |     1 |     2 |       ||     3
    Use: Potion            |       |     1 |     2 |     2 |     2 ||     7
         Scroll            |       |       |       |       |     2 ||     2
 Armour: Robe              |     4 |       |     2 |     3 |       ||     9
  Dodge: Dodged            |     9 |    21 |    61 |   117 |    16 ||   224
         Repelled          |       |       |     1 |     2 |     2 ||     5
  Block: Other             |       |     2 |    15 |    23 |     3 ||    43
